 Dungeon Crawl Stone Soup version 0.30-a0-737-gf23d94013f (webtiles) character file.

Game seed: 7603050958718553263

506 Ijustatesigmund the Grave Robber (level 6, -2/34 HPs)
             Began as a Deep Elf Necromancer on Feb 2, 2023.
             Slain by a necrophage (6 damage)
             ... on level 5 of the Dungeon.
             The game lasted 00:08:58 (4852 turns).

Ijustatesigmund the Grave Robber (DENe)             Turns: 4852, Time: 00:08:59

Health: -2/34      AC: 10    Str:  5    XL:     6   Next: 97%
Magic:  11/17      EV: 12    Int: 22    God:
Gold:   188        SH:  4    Dex: 15    Spells: 17/18 levels left

rFire   . . .      SeeInvis .    e - +2 whip (pain)
rCold   . . .      Faith    .    g - +0 buckler
rNeg    . . .      Spirit   .    a - +0 robe
rPois   .          Reflect  .    (no helmet)
rElec   .          Harm     .    (no cloak)
rCorr   .          Rampage  .    (no gloves)
Will    .....                    (no boots)
Stlth   ++                       (no amulet)
HPRegen 0.25/turn                k - +4 ring of protection
MPRegen 0.15/turn                h - +4 ring of protection

@: mighty
A: no striking features
a: no special abilities


You were on level 5 of the Dungeon.
You visited 1 branch of the dungeon, and saw 5 of its levels.

You collected 188 gold pieces.

Inventory:

Hand Weapons
 e - a +2 whip of pain (weapon)
Armour
 a - a +0 robe (worn)
 g - a +0 buckler (worn)
Jewellery
 f - a +5 ring of evasion
 h - a +4 ring of protection (right hand)
 k - a +4 ring of protection (left hand)
 q - a ring of poison resistance
Scrolls
 c - a scroll of immolation
 i - 3 scrolls of fear
Potions
 b - a potion of magic
 d - a potion of heal wounds {unknown}
 j - 2 potions of cancellation
 l - a potion of brilliance
 m - a potion of lignification {unknown}


   Skills:
 + Level 1.6 Fighting
 - Level 2.4 Dodging
 - Level 2.4 Stealth
 - Level 2.2 Shields
 + Level 6.5 Spellcasting
 + Level 7.1 Necromancy


You had 17 spell levels left.
You knew the following spells:

 Your Spells              Type           Power      Damage    Failure   Level
a - Necrotise             Necr           100%       1d9       1%          1

Your spell library contained the following spells:

 Spells                   Type           Power      Damage    Failure   Level
 Vampiric Draining        Necr           38%        2d8       1%          3
 Animate Dead             Necr           38%        N/A       6%          4
 Blink                    Tloc           14%        N/A       17%         2
 Agony                    Necr           38%        N/A       17%         5
 Summon Guardian Golem    Hex/Summ       7%         N/A       34%         3
 Manifold Assault         Tloc           7%         N/A       75%         4
 Orb of Destruction       Conj           3%         9d5       100%        7
 Spellforged Servitor     Conj/Summ      3%         N/A       100%        7
 Storm Form               Tmut/Air       3%         N/A       100%        7


Dungeon Overview and Level Annotations

Branches:
Dungeon (5/15)
 Temple: D:4-7

Altars:
Ashenzari
Fedhas
Hepliaklqana
Kikubaaqudgha
Zin

Shops:
D:2 (([   D:4 *

Annotations:
D:3 3 runed translucent doors, Terence
D:5 Menkaure


Message History

You block the ufetubus's attack.
Your Necromancy skill increases to level 7!
It was a potion of might.
You feel very mighty all of a sudden. The gnoll closely misses you.
You block the ufetubus's attack. The ufetubus closely misses you.
The adder bites your black bear skeleton.
As you read the scroll of fear, it crumbles to dust.
You assume a fearsome visage.
The adder looks frightened!
The gnoll looks frightened!
The ufetubus looks frightened!
The necrophage is unaffected.
The gnoll gibbers meaninglessly.
Your black bear skeleton bites the gnoll.
Your black bear skeleton claws the gnoll.
Your black bear skeleton's attack snaps the gnoll out of its fear.
Your black bear skeleton barely misses the gnoll.
You hit the necrophage.
The necrophage is moderately damaged.
The necrophage hits you but does no damage.
Your black bear skeleton bites the gnoll.
Your black bear skeleton claws the gnoll. x2
The gnoll dies!
You completely miss the necrophage.
The necrophage is moderately damaged.
The necrophage hits you.
* * * LOW HITPOINT WARNING * * *
You barely miss the necrophage.
The necrophage is lightly damaged.
Cornered, the adder turns to fight!
The necrophage hits you but does no damage.
Your black bear skeleton bites the necrophage.
Your black bear skeleton claws the necrophage. x2
You closely miss the necrophage.
The necrophage is moderately damaged.
The necrophage hits you but does no damage.
Cornered, the ufetubus turns to fight!
Your black bear skeleton barely misses the necrophage. x2
Your black bear skeleton claws the necrophage but does no damage.
The necrophage hits you.
You die...

#####
####
....#
g..5
...#
...
#S.#..#
#..#..#
#)Z...#
#@n...#
#######
. ....
.. ...#
. ..#
.# #


You could see a necrophage (ally target), an adder, an ufetubus and a friendly
black bear skeleton.

Vanquished Creatures
  A black bear (D:5)
  3 scorpions
  A hound (D:4)
  An iguana (D:4)
  4 gnolls (D:3)
  4 adders
  A white imp (D:5)
  3 worms
  4 dart slugs
  5 bats
  6 endoplasms
  6 giant cockroaches
  7 goblins
  3 hobgoblins
  8 jackals
  5 quokkas
  7 ball pythons
  6 frilled lizards
  6 kobolds
  12 rats
93 creatures vanquished.

Vanquished Creatures (collateral kills)
  A gnoll (D:5)
  A rat (D:1)
2 creatures vanquished.

Grand Total: 95 creatures vanquished

Notes
Turn   | Place    | Note
-------+----------+-------------------------------------------
     0 | D:1      | Ijustatesigmund the Deep Elf Necromancer began the quest
                  | for the Orb.
     0 | D:1      | Reached XP level 1. HP: 10/10 MP: 6/6
     2 | D:1      | Noticed a gargoyle
     2 | D:1      | Noticed an octopode
     4 | D:1      | Noticed a spriggan
     4 | D:1      | Noticed a felid
     6 | D:1      | Noticed a minotaur
     6 | D:1      | Noticed a formicid
     8 | D:1      | Noticed a troll
     8 | D:1      | Noticed an armataur
    10 | D:1      | Noticed a meteoran
    10 | D:1      | Noticed a demonspawn
    12 | D:1      | Noticed a vine stalker
    12 | D:1      | Noticed an elf
    14 | D:1      | Noticed a vampire
    16 | D:1      | Noticed a demigod
    16 | D:1      | Noticed an ogre
    18 | D:1      | Noticed a merfolk
    18 | D:1      | Noticed a ghoul
    20 | D:1      | Noticed a draconian
    20 | D:1      | Noticed a naga
    22 | D:1      | Noticed a human
    24 | D:1      | Noticed a tengu
    24 | D:1      | Noticed an octopode
    26 | D:1      | Noticed a demonspawn
    66 | D:1      | Reached skill level 5 in Necromancy
   388 | D:1      | Reached XP level 2. HP: 15/15 MP: 5/8
   921 | D:1      | Found a faded altar of an unknown god.
  1121 | D:1      | Reached XP level 3. HP: 19/19 MP: 8/10
  1546 | D:2      | Found Liciemn's Antique Armour Shoppe.
  1808 | D:2      | Found Ydghuni's Weapon Boutique.
  1871 | D:2      | Found Beibiox's Antique Weapon Boutique.
  1974 | D:2      | Reached XP level 4. HP: 24/24 MP: 1/12
  2267 | D:2      | Reached skill level 1 in Shields
  2360 | D:3      | Found an ancient bone altar of Kikubaaqudgha.
  2360 | D:3      | Found a blossoming altar of Fedhas.
  2499 | D:3      | Found a runed translucent gate.
  2499 | D:3      | Found a runed translucent gate.
  2499 | D:3      | Found a runed translucent gate.
  3297 | D:3      | Reached skill level 6 in Necromancy
  3306 | D:3      | Reached skill level 5 in Spellcasting
  3312 | D:3      | Reached XP level 5. HP: 28/28 MP: 8/14
  3440 | D:3      | Noticed Terence
  3701 | D:4      | Found Hasigiu's General Store.
  3830 | D:4      | Reached XP level 6. HP: 28/32 MP: 10/16
  3920 | D:4      | Found a broken altar of Ashenzari.
  3920 | D:4      | Found a faded altar of an unknown god.
  3932 | D:4      | Found a faded altar of an unknown god.
  3934 | D:4      | Found a hazy altar of Hepliaklqana.
  3936 | D:4      | Found a glowing silver altar of Zin.
  4460 | D:5      | Entered Level 5 of the Dungeon
  4467 | D:5      | Reached skill level 1 in Fighting
  4832 | D:5      | Noticed Menkaure
  4847 | D:5      | Reached skill level 7 in Necromancy
  4852 | D:5      | Slain by a necrophage

Illustrated notes

Levels and vault maps discovered:
D:1:      kb_arrival_jail, layout_rooms, shapermc_ecumenical_altar_acropolis,
          hex_large, palyth_stone_intersect,
          wander_ebering_terrifying_dragon_lair
D:2:      layout_rooms, serial_shops, shop, nicolae_square_shop, shop
D:3:      layout_basic, grunt_temple_overflow_growth_and_decay,
          gammafunk_ghost_icy, minmay_misc_feat_roman, uniq_terence
D:4:      layout_loops_ring, chequers_temple_overflow_minitemple, serial_shops,
          nicolae_diamond_shop, grunt_ministairs_6, minmay_misc_feat_room,
          kennysheep_nondescript
D:5:      kennysheep_windowed_halls, layout_loops_ring,
          lemuel_temple_firewalk_b, serial_shops, shop, uniq_edmund,
          uniq_menkaure

Skill      XL: |  1  2  3  4  5  6 |
---------------+-------------------+-----
Necromancy     | 5 6 7 |  7.1
Spellcasting   | 4 5 6 |  6.5
Shields        | 1 2 |  2.2
Fighting       | 1 |  1.6
Dodging        | |  2.4
Stealth        | |  2.4

Action                     |  1- 3 |  4- 6 || total
---------------------------+-------+-------++-------
  Melee: Whip              |       |    15 ||    15
   Cast: Necrotise         |    88 |    93 ||   181
    Use: Scroll            |     6 |     5 ||    11
         Potion            |       |     2 ||     2
 Armour: Robe              |     7 |    23 ||    30
  Dodge: Dodged            |     7 |    33 ||    40
  Block: Buckler           |     1 |    16 ||    17

Table legend: (Time is in decaauts)
 A = Elapsed time spent in this place.
 B = Non-inter-level travel time spent in this place.
 C = Inter-level travel time spent in this place.
 D = Time resting spent in this place.
 E = Time spent auto-exploring this place.
 F = Levels seen in this place.
 G = Mean time per level.
                   A        B        C        D        E       F      G
               +--------+--------+--------+--------+--------+-----+--------+
         Total |   4850 |   4771 |     79 |   1726 |   2501 |   5 |  970.0 |
       Dungeon |   4850 |   4771 |     79 |   1726 |   2501 |   5 |  970.0 |
               +--------+--------+--------+--------+--------+-----+--------+

Top non-repeatable levels by time:
     D:1: 1509 daAuts
     D:3: 1148 daAuts
     D:4: 990 daAuts
     D:2: 809 daAuts
     D:5: 392 daAuts
